 Dungeon Sprint DCSS version 0.30-a0-847-g17996783a1 (webtiles) character file.

Game seed: 5612005601069746073

0 Rocko1345 the Ducker (level 1, 0/24 HPs)
             Began as a Demonspawn Gladiator on Mar 4, 2023.
             Succumbed to a scorpion's poison
             ... in the Dungeon (Sprint VI: "Thunderdome").
             The game lasted 00:01:39 (59 turns).

Rocko1345 the Ducker (Demonspawn Gladiator)           Turns: 59, Time: 00:01:40

Health: 0/24       AC:  4    Str: 14    XL:     1   Next: 58%
Magic:  1/1        EV: 12    Int:  9    God:
Gold:   200        SH:  0    Dex: 14    Spells: 0/0 levels left

rFire   . . .      SeeInvis .    a - +0 long sword
rCold   . . .      Faith    .    (no shield)
rNeg    . . .      Spirit   .    b - +0 leather armour
rPois   .          Reflect  .    c - +0 helmet
rElec   .          Rampage  .    (no cloak)
rCorr   .          NoTele   +    (no gloves)
Will    .....                    (no boots) Stlth
                                 (no amulet)
HPRegen 0.24/turn                (no ring)
MPRegen 0.07/turn                (no ring)

@: berserking (expiring), lethally poisoned (0 -> -3), very quick
A: no striking features
a: no special abilities


You were in the Dungeon.
You visited 1 branch You collected 200 gold pieces.

Inventory:

Hand Weapons
 a - a +0 long sword (weapon)
Missiles
 d - 2 throwing nets (quivered)
 e - a javelin
Armour
 b - a +0 leather armour (worn)
 c - a +0 helmet (worn)
Wands
 m - a wand of quicksilver (5)
 n - a wand of roots (5)
Scrolls
 k - 4 scrolls of blinking
 o - 3 scrolls of fog
Potions
 g - 3 potions of heal wounds
 h - 4 potions of haste
 i - 2 potions of magic
 l - a potion of resistance


   Skills:
 + Level 2.2 Fighting
 + Level 3.3 Long Blades
 + Level 2.0 Throwing
 + Level 3.3 Dodging


You couldn't memorise any spells.
You didn't know any spells.
Your spell library was empty.

Dungeon Overview and Level Annotations

Branches:
Dungeon (1/1)

Altars:
Cheibriados
Dithmenos
Gozag
Qazlal
Ru
Trog
Vehumet
Wu Jian
Yredelemnul
Lugonu

Shops:
D *[??*?:(


Message History

You barely miss the scorpion. Your punch misses the scorpion.
The scorpion stings you. x2
You are lethally poisoned!
The scorpion poisons you!
* * * LOW HITPOINT WARNING * * *
You feel very sick.
You feel much better.
You feel sick. The scorpion stings you.
You are more poisoned.
The scorpion poisons you!
You feel better. The scorpion completely misses you.
Sorry, you're not good enough to have a special ability.
A red film seems to cover your vision as you go berserk!
You feel yourself moving faster!
You feel mighty!
The scorpion stings you but does no damage.
The scorpion stings you.
You barely miss the scorpion. The scorpion closely misses you.
You slash the scorpion!
The scorpion is heavily wounded.
The scorpion barely misses you.
You barely miss the scorpion.
The scorpion is heavily wounded.
The scorpion stings you.
You are poisoned.
The scorpion poisons you!
You hit the scorpion.
The scorpion is heavily wounded.
You feel sick. The scorpion stings you.
You barely miss the scorpion.
The scorpion is heavily wounded.
You feel sick. The scorpion misses you.
You closely miss the scorpion.
The scorpion is heavily wounded.
You feel sick. The scorpion completely misses you.
You barely miss the scorpion.
The scorpion is heavily wounded.
You feel sick. The scorpion stings you.
* * * LOW HITPOINT WARNING * * *
You barely miss the scorpion.
The scorpion is heavily wounded.
You die...

##⌠⌠⌠## #.....#
##.....## ##∩.....∩##
#∩.......∩# #_......._#
#_......._# #...s...._#
###...@.....###
#⌠..†........⌠#
######.8.........8.#
##.___......###......
###∩........8.# .8...
##.............###.....
#⌠..........###...###..
#⌠..........# #.<.# ..
#⌠..........###...#


You could see a scorpion.

Vanquished Creatures
  A worm (D)
  A giant cockroach (D)
2 creatures vanquished.

Notes
Turn   | Place    | Note
-------+----------+-------------------------------------------
     0 | D        | Rocko1345 the Demonspawn Gladiator began the quest for the
                  | Orb.
     0 | D        | Reached XP level 1. HP: 16/16 MP: 1/1
     4 | D        | Found a shadowy altar of Dithmenos.
     5 | D        | Found an opulent altar of Gozag.
     5 | D        | Round 1.
     6 | D        | Found a basalt altar of Yredelemnul.
     6 | D        | Found a stormy altar of Qazlal.
     7 | D        | Found a corrupted altar of Lugonu.
     7 | D        | Found Soos's Identification Station.
     8 | D        | Found Egralone's Jewellery.
     8 | D        | Found Jeocach's Advanced Armour.
    20 | D        | Found a bloodstained altar of Trog.
    20 | D        | Found Keckoagh's Premium Goods.
    28 | D        | Found an ornate altar of the Wu Jian Council.
    30 | D        | Found Bemo's Magic Scroll Shop.
    34 | D        | Found a sacrificial altar of Ru.
    34 | D        | Found a radiant altar of Vehumet.
    34 | D        | Found a snail-covered altar of Cheibriados.
    34 | D        | Found Akienag's Staff Store.
    35 | D        | Found Yzemieka's Magic Scroll Shop.
    35 | D        | Found Foty's Must-Have Magic.
    38 | D        | Noticed a scorpion
    58 | D        | HP: 1/24 [scorpion (5)]
    59 | D        | Succumbed to a scorpion's poison

Illustrated notes

Levels and vault maps discovered:
D:        arena_sprint

Skill      XL: |  1 |
---------------+----+-----
Long Blades    | 3 |  3.3
Dodging        | 3 |  3.3
Throwing       | 2 |  2.0
Fighting       | |  2.2

Action                     || total
---------------------------++-------
  Melee: Long sword        ||    16
  Throw: Throwing net      ||     1
    Use: Potion            ||     3
 Armour: Leather armour    ||     5
  Dodge: Dodged            ||     6

Table legend: (Time is in decaauts)
 A = Elapsed time spent in this place.
 B = Non-inter-level travel time spent in this place.
 C = Inter-level travel time spent in this place.
 D = Time resting spent in this place.
 E = Time spent auto-exploring this place.
 F = Levels seen in this place.
 G = Mean time per level.
                   A        B        C        D        E       F      G
               +--------+--------+--------+--------+--------+-----+--------+
         Total |     59 |     50 |      9 |      0 |      0 |   1 |   59.0 |
       Dungeon |     59 |     50 |      9 |      0 |      0 |   1 |   59.0 |
               +--------+--------+--------+--------+--------+-----+--------+

Top non-repeatable levels by time:
       D: 59 daAuts
